 Dungeon Crawl Stone Soup version 0.21.1-1-g345015fe64 (webtiles) character file.

8889 Neverless the Fighter (level 11, -3/99 HPs)
             Began as a Minotaur Berserker on June 22, 2018.
             Was a High Priest of Trog.
             Slain by spacerossing's ghost (13 damage)
             ... on level 2 of the Orcish Mines on June 23, 2018.
             The game lasted 03:00:37 (13504 turns).

Neverless the Fighter (Minotaur Berserker)         Turns: 13504, Time: 03:00:38

Health: -3/99      AC:  8    Str: 25    XL:     11   Next: 15%
Magic:  0/10       EV: 16    Int:  4    God:    Trog [*****.]
Gold:   266        SH:  0    Dex: 12    Spells: 10/10 levels left

rFire    + . .     SeeInvis +   N - +2 mace (drain)
rCold    + . .     Gourm    .   (no shield)
rNeg     . . .     Faith    .   G - +0 troll leather armour
rPois    .         Spirit   +   (helmet restricted)
rElec    .         Reflect  .   w - scarf {rC+ rF+}
rCorr    .         Harm     .   t - +0 pair of gloves
MR       .....                  m - +2 pair of boots {run}
Stlth    +++.......             f - amulet of guardian spirit
HPRegen  0.66/turn              Z - ring of see invisible
MPRegen  0.12/turn              O - +2 ring of strength

@: invisible, quick
A: retaliatory headbutt, horns 2
a: Berserk, Trog's Hand, Brothers in Arms, Burn Spellbooks, Renounce Religion


You were on level 2 of the Orcish Mines.
You worshipped Trog.
Trog was extremely pleased with you.
You were hungry.

You visited 4 branches of the dungeon, and saw 15 of its levels.

You collected 761 gold pieces.
You spent 495 gold pieces at shops.

Inventory:

Hand Weapons
 i - a +1 dagger of protection
 k - a +1 short sword of electrocution
 l - a +0 shortbow
 B - a +0 quarterstaff of freezing
 C - a +1 dagger of protection
 J - a +0 long sword
 N - a +2 mace of draining (weapon)
 Q - a +5 hand crossbow of flaming
 V - a +1 mace of draining
Missiles
 o - 36 bolts
 v - 139 arrows (quivered)
 F - 57 poisoned needles
Armour
 b - a +0 animal skin
 g - the +18 shield of the Gong {rElec rN+ MR+ EV-5}
   (You found it on level 10 of the Dungeon)

   It affects your evasion (-5).
   It insulates you from electricity.
   It protects you from negative energy.
   It affects your resistance to hostile enchantments.
 j - the +0 plate armour of the Villain {+Inv MR++ rCorr Dex-4}
   (You found it on level 5 of the Dungeon)

   It affects your dexterity (-4).
   It affects your resistance to hostile enchantments.
   It lets you turn invisible.
   It protects you from acid and corrosion.
 m - a +2 pair of boots of running (worn)
 t - a +0 pair of gloves (worn)
 w - a scarf of resistance (worn)
 G - a +0 troll leather armour (worn)
 I - a +2 robe of cold resistance
 M - a +1 robe of the Archmagi
Magical Staves
 K - an uncursed staff of wizardry
Jewellery
 f - an amulet of guardian spirit (around neck)
 s - an uncursed ring of poison resistance
 A - an uncursed ring of ice
 O - a +2 ring of strength (right hand)
 Y - a +3 ring of protection
 Z - a ring of see invisible (left hand)
Wands
 q - a wand of flame (14)
 R - a wand of acid (6)
 T - a wand of digging (10)
Scrolls
 d - 3 scrolls of amnesia
 e - a scroll of blinking {unknown}
 u - a scroll of random uselessness
 y - 2 scrolls of fog {unknown}
 E - a scroll of noise {unknown}
 H - 2 scrolls of vulnerability
 L - 5 scrolls of teleportation
 S - a scroll of enchant weapon
 W - a scroll of remove curse
Potions
 p - a potion of haste {unknown}
 r - a potion of brilliance
 x - a potion of might {unknown}
 z - 3 potions of agility
 D - a potion of magic
 U - 2 potions of flight
Comestibles
 c - 5 rations


   Skills:
 + Level 9.7 Fighting
 + Level 5.0(7.2) Short Blades
 + Level 8.7(9.4) Long Blades
 + Level 8.3 Maces & Flails
 + Level 4.9 Bows
 + Level 1.6 Crossbows
 + Level 0.4 Throwing
 + Level 3.0 Armour
 + Level 7.8 Dodging
 * Level 6.1 Stealth
 + Level 4.0 Shields


You had 10 spell levels left.
You didn't know any spells.

Dungeon Overview and Level Annotations

Branches:
Dungeon (11/15)            Temple (1/1) D:4            Lair (1/6) D:8
    Orc (2/2) D:11
    Elf: Orc:2

Altars:
Ashenzari
Cheibriados
Dithmenos
Elyvilon
Fedhas
Gozag
Hepliaklqana
Kikubaaqudgha
Makhleb
Nemelex Xobeh
Okawaru
Qazlal
Ru
Sif Muna
Trog
Uskayaw
Vehumet
Wu Jian
Xom
Yredelemnul
Zin
The Shining One

Shops:
D:10 *

Annotations:
Orc:1 Maurice
Orc:2 spacerossing's ghost, journeyman FoFi


Innate Abilities, Weirdness & Mutations

You reflexively headbutt those who attack you in melee.
You have a pair of horns on your head.


Message History

There is a stone staircase leading up here.
You can't go down here!
You climb upwards.
Level annotation: Maurice The orc warrior shouts!
The orc priest shouts!
There is a stone staircase leading down here.
The orc priest looks braver for a moment.
The orc priest looks satisfied for a moment.
You climb downwards.
Level annotation: spacerossing's ghost, journeyman FoFi Spacerossing's ghost hits you!!
* * * LOW HITPOINT WARNING * * *
x2
There is a stone staircase leading up, spattered with blood here.
The orc priest calls down the wrath of Beogh upon you.
Beogh smites you!
* * * LOW HITPOINT WARNING * * *
Found 39 gold pieces.
You fade into invisibility!
Spacerossing's ghost hits you!
You die...

...............#...#
..............#....##
....................# #
....................##..
........................
........................
................o..#...#
...............<......#.
...............W@.......
.#.#..................#.
.............#.#.....#..
..............#.........
....#...............$...
#.####.#......#........#
### ........#....#.....
.............$#..$.
#######...


You could see an orc priest and spacerossing's ghost.

Vanquished Creatures
  Fannar (D:10)
  An ugly thing (D:11)
  A centaur zombie (D:10)
  Joseph (D:9)
  A spiny frog (Lair:1)
  4 trolls
  A hippogriff (D:11)
  Eustachio (D:5)
  A basilisk (Lair:1)
  Grum (D:10)
  A hungry ghost (D:7)
  A water moccasin (Lair:1)
  3 porcupines (Lair:1)
  4 ice beasts
  An orc warrior (D:7)
  A hornet zombie (D:6)
  An eye of draining (D:11)
  2 sky beasts
  A phantom (D:10)
  3 centaurs
  2 ogres
  The ghost of Morteh the Shield-Bearer, an amateur GrFi (D:4)
  4 wolves (D:10)
  A crocodile (D:10)
  The ghost of OlSheep the Caller, an amateur DESu (D:3)
  A big kobold (D:10)
  A gnoll sergeant (D:10)
  5 bullfrogs
  A wyvern skeleton (D:9)
  3 scorpions
  14 killer bees
  A howler monkey (D:4)
  2 crimson imps
  A quasit (D:11)
  3 bullfrog skeletons
  2 hounds
  7 jellies
  A centaur skeleton (D:9)
  6 orc priests
  Ijyb (D:5)
  12 orc wizards
  Jessica (D:2)
  Natasha (thrice) (D:2)
  4 worker ants
  A hound zombie (D:6)
  Robin (D:2)
  4 gnolls (D:10)
  11 adders
  8 shadow imps
  10 oozes
  An adder zombie (D:6)
  3 dart slugs
  5 leopard geckos
  41 orcs
  A ball python (D:3)
  4 giant cockroaches
  14 hobgoblins
  9 jackals
  16 kobolds
  5 quokkas
  7 bats
  4 frilled lizards (D:1)
  13 goblins
  10 rats
  2 fungi (D:2)
279 creatures vanquished.

Vanquished Creatures (others)
  4 fungi
  8 toadstools (D:2)
12 creatures vanquished.

Grand Total: 291 creatures vanquished

Notes
Turn   | Place    | Note
-------+----------+-------------------------------------------
     0 | D:1      | Neverless the Minotaur Berserker began the quest for the Orb.
     0 | D:1      | Reached XP level 1. HP: 19/19 MP: 0/0
    70 | D:1      | Reached XP level 2. HP: 21/27 MP: 1/1
   110 | D:1      | Reached skill level 4 in Fighting
   207 | D:1      | Reached ** piety under Trog
   207 | D:1      | Reached XP level 3. HP: 21/33 MP: 2/2
  1183 | D:2      | Reached XP level 4. HP: 16/41 MP: 3/3
  1186 | D:2      | Reached skill level 5 in Long Blades
  1463 | D:2      | Reached XP level 5. HP: 40/47 MP: 4/4
  1763 | D:2      | Noticed Natasha
  1769 | D:2      | Killed Natasha
  1769 | D:2      | Reached skill level 5 in Fighting
  1929 | D:2      | Noticed Natasha
  1933 | D:2      | Killed Natasha
  1933 | D:2      | Reached skill level 1 in Stealth
  2026 | D:2      | Reached *** piety under Trog
  2108 | D:2      | Noticed Jessica
  2112 | D:2      | Killed Jessica
  2166 | D:2      | Noticed Natasha
  2173 | D:2      | Noticed Robin
  2198 | D:2      | Killed Robin
  2198 | D:2      | Reached XP level 6. HP: 48/56 MP: 2/5
  2202 | D:2      | Killed Natasha
  2726 | D:3      | Noticed OlSheep's ghost (amateur DESu)
  2745 | D:3      | Killed OlSheep's ghost
  3319 | D:4      | Noticed Morteh's ghost (amateur GrFi)
  3342 | D:4      | Killed Morteh's ghost
  3342 | D:4      | Reached XP level 7. HP: 29/62 MP: 2/6
  3536 | D:4      | Found a staircase to the Ecumenical Temple.
  3544 | Temple   | Entered the Ecumenical Temple
  3884 | D:4      | Reached **** piety under Trog
  4161 | D:4      | Reached skill level 6 in Fighting
  4366 | D:5      | Entered Level 5 of the Dungeon
  4472 | D:5      | Got a spiked plate armour
  4873 | D:5      | Noticed Eustachio
  4911 | D:5      | Killed Eustachio
  4911 | D:5      | Reached skill level 1 in Short Blades
  4911 | D:5      | Reached XP level 8. HP: 71/71 MP: 3/7
  4984 | D:5      | Noticed Ijyb
  5055 | D:5      | Killed Ijyb
  5683 | D:6      | Reached skill level 7 in Fighting
  5964 | D:6      | Found an opulent altar of Gozag.
  5973 | D:6      | Reached skill level 5 in Dodging
  6256 | D:6      | Identified the cursed +0 plate armour of the Villain {+Inv MR++ rCorr Dex-4} (You found it on level 5 of the Dungeon)
  6263 | D:6      | Reached ***** piety under Trog
  6477 | D:6      | Found a deep blue altar of Sif Muna.
  6642 | D:7      | Reached skill level 1 in Maces & Flails
  6800 | D:7      | Reached XP level 9. HP: 62/80 MP: 6/8
  6858 | D:7      | Found an ornate altar of the Wu Jian Council.
  6896 | D:7      | Reached skill level 5 in Short Blades
  7623 | D:7      | Reached skill level 1 in Bows
  7836 | D:7      | Got a wizard robe
  8311 | D:8      | Identified the cursed +1 robe of Past Mistakes {MR- Int+4 SInv} (You found it on level 7 of the Dungeon)
  8450 | D:8      | Found a staircase to the Lair.
  8458 | D:8      | Reached skill level 8 in Fighting
  8499 | Lair:1   | Entered Level 1 of the Lair of Beasts
  8704 | Lair:1   | Noticed a spiny frog
  8715 | Lair:1   | Killed a spiny frog
  8963 | Lair:1   | Reached skill level 5 in Maces & Flails
  9239 | Lair:1   | Noticed a six-headed hydra
  9663 | D:8      | Found a burning altar of Makhleb.
  9670 | D:8      | Found a glowing silver altar of Zin.
  9678 | D:8      | Noticed an Executioner
  9678 | D:8      | Noticed an angel
 10050 | D:9      | Noticed Joseph
 10050 | D:9      | Noticed a troll
 10059 | D:9      | Killed a troll
 10063 | D:9      | Killed Joseph
 10063 | D:9      | Reached XP level 10. HP: 76/90 MP: 4/9
 10495 | D:9      | Reached skill level 9 in Fighting
 10762 | D:9      | Found a sacrificial altar of Ru.
 11313 | D:10     | Entered Level 10 of the Dungeon
 11448 | D:10     | Found the +18 shield of the Gong {rElec rN+ MR+ EV-5}
 11472 | D:10     | Reached skill level 5 in Stealth
 11854 | D:10     | Found Lamytt's Assorted Antiques.
 11872 | D:10     | Bought a scroll of remove curse for 90 gold pieces
 11934 | D:10     | Bought a scroll of identify for 60 gold pieces
 11934 | D:10     | Bought a scroll of identify for 60 gold pieces
 11934 | D:10     | Bought a scroll of identify for 60 gold pieces
 11934 | D:10     | Bought a pair of runed boots for 225 gold pieces
 11934 | D:10     | Identified a +2 pair of boots of running (You bought it in a shop on level 10 of the Dungeon)
 12045 | D:10     | Noticed Fannar
 12047 | D:10     | Noticed Grum
 12078 | D:10     | Reached skill level 1 in Shields
 12084 | D:10     | Killed Grum
 12171 | D:10     | Killed Fannar
 12528 | D:11     | Received a gift from Trog
 12621 | D:11     | Reached XP level 11. HP: 97/97 MP: 10/10
 12881 | D:11     | Found a staircase to the Orcish Mines.
 12970 | D:11     | Noticed a purple ugly thing
 13005 | D:11     | Killed a purple ugly thing
 13005 | D:11     | Reached skill level 1 in Crossbows
 13407 | Orc:1    | Entered Level 1 of the Orcish Mines
 13407 | Orc:1    | Noticed Maurice
 13419 | Orc:1    | Noticed an orc warlord
 13448 | Orc:1    | Noticed an orc warlord
 13457 | Orc:1    | You fall through a shaft!
 13457 | Orc:2    | Entered Level 2 of the Orcish Mines
 13478 | Orc:2    | Noticed spacerossing's ghost (journeyman FoFi)
 13504 | Orc:2    | Slain by spacerossing's ghost

Skill      XL: |  1  2  3  4  5  6  7  8  9 10 11 |
---------------+----------------------------------+-----
Long Blades    | 4 5 6 7 8 |  8.7
Fighting       | 4 5 6 7 8 9 |  9.7
Dodging        | 3 4 5 6 7 |  7.8
Stealth        | 1 2 3 4 5 6 |  6.1
Short Blades   | 1 4 5 |  5.0
Maces & Flails | 2 6 8 |  8.3
Bows           | 4 |  4.9
Shields        | 3 4 |  4.0
Armour         | 3 |  3.0
Crossbows      | 1 |  1.6
Throwing       | |  0.4

Action                   |  1- 3 |  4- 6 |  7- 9 | 10-12 || total
-------------------------+-------+-------+-------+-------++-------
Melee: Falchion          |    79 |   162 |    26 |       ||   267
       Headbutt          |    15 |    39 |    82 |    58 ||   194
       Dagger            |       |       |   153 |       ||   153
       Mace              |       |       |   168 |   196 ||   364
       Flail             |       |       |       |    63 ||    63
 Fire: Shortbow          |       |       |    30 |    26 ||    56
       Hand crossbow     |       |       |       |    31 ||    31
       Blowgun           |       |       |       |     5 ||     5
Throw: Stone             |     1 |       |       |       ||     1
Invok: Berserk           |     1 |     2 |     6 |     3 ||    12
       Burn Spellbooks   |       |       |       |     1 ||     1
  Use: Scroll            |       |     7 |    12 |    10 ||    29
       Potion            |       |     2 |     7 |     4 ||    13
 Stab: Distracted        |       |     1 |       |       ||     1
       Sleeping          |       |       |     2 |       ||     2
  Eat: Chunk             |     1 |     4 |       |       ||     5
       Ration            |     1 |     1 |     8 |     4 ||    14
Armor: Animal skin       |    13 |     7 |    64 |    15 ||    99
       Plate armour      |       |       |     1 |       ||     1
       Ring mail         |       |       |       |    14 ||    14
       Troll leather arm |       |       |       |    14 ||    14
Dodge: Dodged            |    51 |    73 |   245 |   129 ||   498
Block: Shield            |       |       |       |   180 ||   180
       Rpst.: Falchion   |    17 |    16 |       |       ||    33
